 Dungeon Crawl Stone Soup version 0.29.1-2-gbd0b4ee654 (webtiles) character file.

Game seed: 4674223593728262894

102 qeuew the Trooper (level 4, -3/35 HPs)
             Began as a Demonspawn Fighter on Nov 9, 2022.
             Was an Initiate of Gozag.
             Slain by Grinder (6 damage)
             ... on level 3 of the Dungeon.
             The game lasted 00:03:21 (2529 turns).

qeuew the Trooper (Demonspawn Fighter)              Turns: 2529, Time: 00:03:21

Health: -3/35      AC:  6    Str: 16    XL:     4   Next: 49%
Magic:  4/4        EV:  9    Int: 10    God:    Gozag
Gold:   205        SH:  5    Dex: 14    Spells: 3/3 levels left

rFire   . . .      SeeInvis .   a - +0 war axe
rCold   . . .      Faith    .   c - +0 buckler
rNeg    . . .      Spirit   .   b - +0 scale mail
rPois   .          Reflect  .   (helmet restricted)
rElec   .          Harm     .   (no cloak)
rCorr   .          Rampage  .   (no gloves)
Will    .....                   (no boots)
Stlth   ..........              (no amulet)
HPRegen 0.11/turn               (no ring)
MPRegen 0.09/turn               (no ring)

@: mighty
A: antennae 2, weakness stinger 1
a: Renounce Religion, Potion Petition, Call Merchant, Bribe Branch


You were on level 3 of the Dungeon.
You worshipped Gozag.
Gozag was aware of your devotion.
You visited 1 branch of the dungeon, and saw 3 of its levels.

You collected 220 gold pieces.
You paid 15 gold pieces to Gozag.

Inventory:

Hand Weapons
 a - a +0 war axe (weapon)
Armour
 b - a +0 scale mail (worn)
 c - a +0 buckler (worn)
Jewellery
 l - a +4 ring of evasion
Scrolls
 g - a scroll of amnesia
 h - a scroll of blinking
 j - a scroll of teleportation {unknown}
 n - a scroll of poison {unknown}
Potions
 d - a potion of might
 e - a potion of heal wounds
 f - a potion of flight
 i - a potion of brilliance
 k - 3 potions of curing
 m - a potion of magic {unknown}


   Skills:
 + Level 3.5 Fighting
 + Level 2.5 Axes
 + Level 3.2 Armour
 + Level 1.4 Dodging
 + Level 3.2 Shields


You had 3 spell levels left.
You didn't know any spells.
Your spell library was empty.

Dungeon Overview and Level Annotations

Branches:
Dungeon (3/15)

Altars:
Gozag

Annotations:
D:3 Grinder


Innate Abilities, Weirdness & Mutations

You have a pair of antennae on your head.
You have a small tail.


Message History

Grinder is moderately wounded.
Grinder gestures at you.
You suddenly lose the ability to move!
Grinder hits you but does no damage. Grinder gestures at you.
Pain shoots through your body!
You can move again.
You slash Grinder!
Grinder is severely wounded.
Grinder blinks!
Grinder blinks!
Grinder gestures at you. You resist with significant effort.
Found a scroll labelled IQOMIAVULL.
Grinder hits you.
You writhe in agony.
You closely miss Grinder.
Grinder is heavily wounded.
Grinder blinks!
Grinder gestures at you. Pain shoots through your body!
Grinder says, "I used to sell toenails on the black market."
Grinder gestures at you. Pain shoots through your body!
You hit Grinder.
Grinder is severely wounded.
Grinder gestures at you. Pain shoots through your body!
* * * LOW HITPOINT WARNING * * *
You completely miss Grinder.
Grinder is severely wounded.
Grinder closely misses you. Grinder hits you.
* * * LOW HITPOINT WARNING * * *
You feel very mighty all of a sudden. Grinder gestures at you.
You resist with significant effort.
You slash Grinder!
Grinder is severely wounded.
Grinder hits you.
You die...
Your body crumbles into a pile of gold.

.. .?### ...#######
#######.......#
+.............#
#.............#
#.............#
#..$..........#
#........5@...#
##+#.##.......#
##### #....#######
..... ######.#
...... #.>....#
.....# #.#######
.....# #.###...#####
.....# #...#........
.....#####.#........


You could see Grinder.

Vanquished Creatures
  2 gnolls (D:1)
  2 adders
  A worm (D:3)
  A dart slug (D:1)
  2 bats
  5 endoplasms
  4 giant cockroaches
  6 goblins
  6 hobgoblins
  3 jackals (D:1)
  4 quokkas
  A ball python (D:3)
  2 frilled lizards (D:2)
  5 kobolds
  9 rats
53 creatures vanquished.

Notes
Turn   | Place    | Note
-------+----------+-------------------------------------------
     0 | D:1      | qeuew the Demonspawn Fighter began the quest for the Orb.
     0 | D:1      | Reached XP level 1. HP: 18/18 MP: 1/1
   278 | D:1      | Discovered your monstrous ancestry.
   278 | D:1      | Gained mutation: You have a pair of small antennae on your
                  | head. [demonic ancestry]
   278 | D:1      | Reached XP level 2. HP: 20/24 MP: 2/2
   337 | D:1      | Found a faded altar of an unknown god.
   337 | D:1      | Noticed an eye of devastation
   346 | D:1      | Noticed an eye of devastation
   346 | D:1      | Noticed an eye of devastation
   346 | D:1      | Noticed a shining eye
   473 | D:1      | Gained mutation: You have a small tail. [demonic ancestry]
   473 | D:1      | Reached XP level 3. HP: 29/29 MP: 3/3
   482 | D:1      | Reached skill level 1 in Dodging
  1264 | D:2      | Found an opulent altar of Gozag.
  1289 | D:2      | Became a worshipper of Gozag Ym Sagoz the Greedy
  1522 | D:2      | Gained mutation: You have a pair of antennae on your head.
                  | [demonic ancestry]
  1522 | D:2      | Reached XP level 4. HP: 32/35 MP: 4/4
  2498 | D:3      | Noticed Grinder
  2501 | D:3      | Paralysed by Grinder for 5 turns
  2511 | D:3      | Paralysed by Grinder for 3 turns
  2529 | D:3      | Slain by Grinder

Illustrated notes

Levels and vault maps discovered:
D:1:      dpeg_arrival_shrine, layout_basic,
          hellmonk_ecumenical_altar_watching_god
D:2:      layout_loops_ring, basic_altar
D:3:      layout_basic, minmay_fractal_squares_diagonal_5, uniq_grinder

Skill      XL: |  1  2  3 |
---------------+----------+-----
Axes           | 2 |  2.5
Armour         | 3 |  3.2
Dodging        | 1 |  1.4
Shields        | 3 |  3.2
Fighting       | |  3.5

Action                   |  1- 3 |  4- 6 || total
-------------------------+-------+-------++-------
Melee: War axe           |   106 |    45 ||   151
       Tailslap          |     5 |     5 ||    10
  Use: Potion            |     4 |     1 ||     5
       Scroll            |     2 |     3 ||     5
Armor: Scale mail        |    52 |    14 ||    66
Dodge: Dodged            |    47 |    15 ||    62
Block: Buckler           |    19 |     6 ||    25
